 Dungeon Crawl Stone Soup version 0.29.1-13-g9f3cf754e1 (webtiles) character file.

Game seed: 502495302144613905

174 GigaChad the Covered (level 5, -8/46 HPs)
             Began as a Minotaur Fighter on Jan 19, 2023.
             Mangled by Menkaure (15 damage)
             ... on level 4 of the Dungeon.
             The game lasted 00:03:04 (3206 turns).

GigaChad the Covered (Minotaur Fighter)             Turns: 3206, Time: 00:03:05

Health: -8/46      AC:  7    Str: 29    XL:     5   Next: 28%
Magic:  4/4        EV: 11    Int:  5    God:
Gold:   113        SH:  5    Dex: 14    Spells: 4/4 levels left

rFire   x . .      SeeInvis .   a - +0 war axe (chaos)
rCold   . . .      Faith    .   c - +0 buckler
rNeg    . . .      Spirit   .   q - +1 ring mail "Ylugang" {Contam rF- Str+7 Dex+4}
rPois   .          Reflect  .   (helmet restricted)
rElec   .          Harm     .   (no cloak)
rCorr   .          Rampage  .   (no gloves)
Will    .....                   (no boots)
Stlth   +.........              (no amulet)
HPRegen 0.15/turn               (no ring)
MPRegen 0.09/turn               (no ring)

@: no status effects
A: horns 2, retaliatory headbutt
a: no special abilities


You were on level 4 of the Dungeon.
You visited 1 branch of the dungeon, and saw 4 of its levels.

You collected 113 gold pieces.

Inventory:

Hand Weapons
 a - a +0 war axe of chaos (weapon)
Armour
 b - a +0 scale mail
 c - a +0 buckler (worn)
 q - the +1 ring mail "Ylugang" (worn) {Contam rF- Str+7 Dex+4}
   (You found it on level 3 of the Dungeon)

   Str:       It affects your strength (+7).
   Dex:       It affects your dexterity (+4).
   rF:        It makes you vulnerable to fire.
   Contam:    It causes magical contamination when unequipped.
Wands
 i - a wand of flame (2)
Scrolls
 f - a scroll of silence {unknown}
 k - 2 scrolls of immolation
 m - 2 scrolls of amnesia {unknown}
 n - 2 scrolls of fear {unknown}
 o - 2 scrolls of identify
 p - a scroll of enchant armour {unknown}
Potions
 d - 3 potions of might
 e - 2 potions of resistance {unknown}
 g - 2 potions of flight {unknown}
 h - a potion of heal wounds {unknown}
 j - 3 potions of curing {unknown}
 l - a potion of haste {unknown}


   Skills:
 + Level 4.3 Fighting
 + Level 4.2 Axes
 + Level 5.2 Armour
 + Level 1.6 Dodging
 + Level 4.0 Shields


You had 4 spell levels left.
You didn't know any spells.
Your spell library contained the following spells:

 Spells                   Type           Power      Damage    Failure   Level
 Sting                    Tmut/Pois      0%         1d3       69%         1
 Poisonous Vapours        Pois/Air       0%         N/A       83%         2
 Summon Guardian Golem    Hex/Summ       0%         N/A       96%         3
 Olgreb's Toxic Radiance  Pois           0%         N/A       100%        4
 Orb of Destruction       Conj           0%         9d5       100%        7
 Spellforged Servitor     Conj/Summ      0%         N/A       100%        7


Dungeon Overview and Level Annotations

Branches:
Dungeon (4/15)
 Temple: D:4-7

Altars:
Xom
Zin

Shops:
D:3 ?

Annotations:
D:4 Menkaure


Innate Abilities, Weirdness & Mutations

You have a pair of horns on your head.
You reflexively headbutt those who attack you in melee.


Message History

Done exploring.
There is a stone staircase leading down here.
You climb downwards.
Found a dagger and a scroll labelled PIUGIA QO QEY.
There is a stone staircase leading up here.
m - 2 scrolls labelled PIUGIA QO QEY (gained 1)
Found a mace.
Found a ring mail.
You see here a +0 mace.
n - 2 scrolls labelled VIOTORCH ZIXUOST (gained 1)
Found a spear.
Found a chain mail.
Menkaure, Prince of Dust comes into view.
Menkaure shouts!
Menkaure is nearby!
An endoplasm comes into view.
The endoplasm quivers.
Menkaure grins.
Menkaure casts a spell.
Menkaure seems to speed up.
Menkaure calls on the powers of darkness!
Your body is wracked with pain!
The endoplasm convulses!
Menkaure hits you!
* * * LOW HITPOINT WARNING * * *
You slash Menkaure!
Menkaure is moderately damaged.
Menkaure barely misses you. You furiously retaliate!
You headbutt Menkaure! You barely miss Menkaure.
Menkaure is almost destroyed.
Menkaure hits you but does no damage.
Menkaure calls on the powers of darkness!
Your body is wracked with pain!
* * * LOW HITPOINT WARNING * * *
The endoplasm convulses!
You barely miss Menkaure.
Menkaure is almost destroyed.
You slash the endoplasm! You freeze the endoplasm.
You kill the endoplasm!
Menkaure hits you!
You die...

##.........###.........
#.....................
##......#.###.........
.......##.###.........
#####..................
##.[.#......)......
#...#####.......!#
###...............
######M@....##..
................
................
.############... ... ..


You could see Menkaure (fast).

Vanquished Creatures
  An orc priest (D:3)
  An orc wizard (D:3)
  Ijyb (D:3)
  2 adders
  2 worms (D:2)
  A dart slug (D:3)
  2 orcs (D:3)
  4 endoplasms
  A giant cockroach (D:2)
  3 goblins
  3 hobgoblins
  7 jackals
  6 ball pythons
  7 frilled lizards
  5 kobolds
  8 rats
54 creatures vanquished.

Vanquished Creatures (others)
  An orc wizard (D:3)
  2 plants (D:2)
3 creatures vanquished.

Grand Total: 57 creatures vanquished

Notes
Turn   | Place    | Note
-------+----------+-------------------------------------------
     0 | D:1      | GigaChad the Minotaur Fighter began the quest for the Orb.
     0 | D:1      | Reached XP level 1. HP: 19/19 MP: 0/0
   267 | D:1      | Reached skill level 4 in Armour
   280 | D:1      | Reached XP level 2. HP: 25/27 MP: 1/1
  1323 | D:2      | Reached XP level 3. HP: 32/33 MP: 2/2
  1630 | D:2      | Reached skill level 1 in Dodging
  2131 | D:3      | Noticed Ijyb
  2147 | D:3      | Killed Ijyb
  2148 | D:3      | Reached XP level 4. HP: 18/40 MP: 3/3
  2154 | D:3      | Reached skill level 5 in Armour
  2160 | D:3      | Reached XP level 5. HP: 6/46 MP: 4/4
  2654 | D:3      | Found Hyuwiutt's Magic Scroll Boutique.
  2706 | D:3      | Found a shimmering altar of Xom.
  2832 | D:3      | Found a faded altar of an unknown god.
  2843 | D:3      | Found a glowing silver altar of Zin.
  2951 | D:3      | Identified the +1 ring mail "Ylugang" {Contam rF- Str+7
                  | Dex+4}
  3198 | D:4      | Noticed Menkaure
  3206 | D:4      | Mangled by Menkaure

Illustrated notes

Levels and vault maps discovered:
D:1:      shiori_arrival_oz, layout_basic, nrook_loot_triangle
D:2:      layout_basic, hangedman_abyss_or_decor_lesser_grid, chequers_big_river
D:3:      layout_loops_ring, nicolae_overflow_ecumenical_swirl,
          xom_teletrap_fun, serial_shops, shop, uniq_ijyb
D:4:      minmay_chambers_of_twos, layout_rooms, uniq_menkaure,
          uniq_crazy_yiuf_cottage, uniq_eustachio

Skill      XL: |  1  2  3  4  5 |
---------------+----------------+-----
Armour         | 4 5 |  5.2
Fighting       | 4 |  4.3
Dodging        | 1 |  1.6
Axes           | 3 4 |  4.2
Shields        | 4 |  4.0

Action                   |  1- 3 |  4- 6 || total
-------------------------+-------+-------++-------
Melee: War axe           |    77 |    30 ||   107
       Headbutt          |     9 |     4 ||    13
  Use: Scroll            |     3 |       ||     3
Armor: Scale mail        |    40 |     8 ||    48
       Ring mail         |       |     1 ||     1
Dodge: Dodged            |    37 |    14 ||    51
Block: Buckler           |    11 |     4 ||    15
